 Dungeon Crawl Stone Soup version 0.29-a0-577-gafbf2c5d25 (webtiles) character file.

Game seed: 17639667390153988355

2 DocClef the Sneak (level 1, -1/19 HPs)
             Began as a Draconian Delver on June 13, 2022.
             Slain by an orc
             ... wielding a +0 falchion
              (4 damage)
             ... on level 6 of the Dungeon.
             The game lasted 00:00:13 (36 turns).

DocClef the Sneak (Draconian Delver)                  Turns: 36, Time: 00:00:14

Health: -1/19      AC:  4    Str: 14    XL:     1   Next: 25%
Magic:  1/1        EV: 12    Int: 10    God:
Gold:   7          SH:  0    Dex: 12    Spells: 0/0 levels left

rFire   . . .      SeeInvis .   a - +0 short sword
rCold   . . .      Faith    .   (no shield)
rNeg    . . .      Spirit   .   (body armour unavailable)
rPois   .          Reflect  .   (helmet restricted)
rElec   .          Harm     .   (no cloak)
rCorr   .          Rampage  .   (no gloves)
Will    .....                   (no boots)
Stlth   +++.......              (no amulet)
HPRegen 0.06/turn               (no ring)
MPRegen 0.07/turn               (no ring)

@: no status effects
A: AC +4, unfitting armour, cold-blooded
a: no special abilities


You were on level 6 of the Dungeon.
You visited 1 branch of the dungeon, and saw 2 of its levels.

You collected 7 gold pieces.

Inventory:

Hand Weapons
 a - a +0 short sword (weapon)
Wands
 f - a wand of digging (3)
Scrolls
 b - a scroll of fog
 c - a scroll of magic mapping
 d - a scroll of fear
 g - a scroll of torment {unknown}
Potions
 e - a potion of haste


   Skills:
 + Level 3.3 Fighting
 + Level 2.0 Short Blades
 + Level 1.7 Dodging
 + Level 4.6 Stealth


You couldn't memorise any spells.
You didn't know any spells.
Your spell library was empty.

Dungeon Overview and Level Annotations

Branches:
Dungeon (6/15)
 Temple: D:4-7

Altars:


Innate Abilities, Weirdness & Mutations

Your plain brown scales are hard. (AC +4)
You cannot fit into any form of body armour.
You are cold-blooded and may be slowed by cold attacks.


Message History

A scorpion is nearby!
There is a stone staircase leading down here.
You climb downwards.
Found a stone staircase leading down.
There is a stone staircase leading up here.
You now have 7 gold pieces. 3 orcs come into view.
An orc is wielding a +2 flail of holy wrath.
There are monsters nearby!
There are monsters nearby!
There are monsters nearby!
The orc shouts!
The orc shouts!
You barely miss the orc. The orc hits you but does no damage.
You hit the orc.
The orc is almost dead.
An ufetubus comes into view.
The orc misses you.
You barely miss the orc.
The orc is almost dead.
The orc hits you with a +0 club.
You hit the orc but do no damage.
The orc is almost dead.
The orc hits you with a +0 club.
You hit the orc.
You kill the orc!
You closely miss the orc.
The orc shouts!
The orc hits you with a +0 falchion.
You hit the orc.
The orc is lightly wounded.
The orc hits you with a +0 falchion.
You barely miss the orc. The orc barely misses you.
You hit the orc but do no damage.
You tail-slap the orc, but do no damage.
The orc hits you but does no damage.
You closely miss the orc. The orc hits you with a +0 falchion.
* * * LOW HITPOINT WARNING * * *
You hit the orc but do no damage. The orc hits you with a +0 falchion.
You die...

.. #. ##.####
..oo. #.###....
....o.# . #...#
.# #..##### ...
#.oo@..# ....
#..###.###.....
#.............#
###.........#.#
>......<###.#
###.##### # #.#
#.


You could see 2 orcs.

Vanquished Creatures
  An orc (D:6)
1 creature vanquished.

Notes
Turn   | Place    | Note
-------+----------+-------------------------------------------
     0 | D:5      | DocClef the Draconian Delver began the quest for the Orb.
     0 | D:5      | Reached XP level 1. HP: 19/19 MP: 1/1
     6 | D:5      | Noticed a scorpion
    36 | D:6      | Slain by an orc

Illustrated notes

Levels and vault maps discovered:
D:5:      corexii_shack_village, layout_cave_pools, slow_altar_2,
          uniq_blork_the_orc, uniq_duvessa
D:6:      kennysheep_kobold_camp, layout_loops_ring

Action                   || total
-------------------------++-------
Melee: Short sword       ||    11
       Tailslap          ||     1
Armor: Skin              ||     2
Dodge: Dodged            ||     2

Table legend: (Time is in decaauts)
 A = Elapsed time spent in this place.
 B = Non-inter-level travel time spent in this place.
 C = Inter-level travel time spent in this place.
 D = Time resting spent in this place.
 E = Time spent auto-exploring this place.
 F = Levels seen in this place.
 G = Mean time per level.
                   A        B        C        D        E       F      G
               +--------+--------+--------+--------+--------+-----+--------+
         Total |     35 |     35 |      0 |      0 |     11 |   2 |   17.5 |
       Dungeon |     35 |     35 |      0 |      0 |     11 |   2 |   17.5 |
               +--------+--------+--------+--------+--------+-----+--------+

Top non-repeatable levels by time:
     D:6: 23 daAuts
     D:5: 12 daAuts
